 Dungeon Crawl Stone Soup version 0.21-a0-314-gb3271ec (webtiles) character file.

3 tidbits the Magician (level 1, 0/13 HPs)
             Began as a Gnoll Wanderer on Sept 29, 2017.
             Slain by a hobgoblin
             ... wielding a +0 club
              (4 damage)
             ... on level 1 of the Dungeon.
             The game lasted 00:00:36 (64 turns).

tidbits the Magician (Gnoll Wanderer)                 Turns: 64, Time: 00:00:37

Health: 0/13       AC:  2    Str: 14    XL:     1   Next: 50%
Magic:  8/8        EV: 11    Int: 14    God:
Gold:   0          SH:  0    Dex: 14    Spells: 14/14 levels left

rFire    . . .     SeeInvis .   d - +0 club
rCold    . . .     Gourm    .   (no shield)
rNeg     . . .     Faith    .   c - +0 robe
rPois    .         Spirit   .   (no helmet)
rElec    .         Reflect  .   (no cloak)
rCorr    .         Harm     .   (no gloves)
MR       .....                  (no boots)
Stlth    +.........             (no amulet)
HPRegen  0.04/turn              (no ring)
MPRegen  0.11/turn              (no ring)

@: no status effects
A: distributed training, fangs 1, strong nose
a: no special abilities


You were on level 1 of the Dungeon.
You were not hungry.

You visited 1 branch of the dungeon, and saw 1 of its levels.

Inventory:

Hand Weapons
 d - a +0 club (weapon)
Armour
 c - a +0 robe (worn)
 g - a +0 scale mail
Scrolls
 e - 2 scrolls of identify {unknown}
Potions
 b - 3 potions of curing
 h - a potion of degeneration {unknown}
Books
 a - a book of Spatial Translocations

   Spells                             Type                      Level
   a - Blink                          Translocation                2
   b - Shroud of Golubria             Charms/Translocation         2
   c - Lesser Beckoning               Translocation                3
   d - Gell's Gravitas                Translocation                3
   e - Teleport Other                 Translocation                3
   f - Passage of Golubria            Translocation                4
Comestibles
 f - a bread ration


   Skills:
 + Level 0.0 Fighting
 + Level 0.8 Short Blades
 + Level 0.0 Long Blades
 + Level 0.8 Axes
 + Level 0.0 Maces & Flails
 + Level 0.8 Polearms
 + Level 0.0 Staves
 + Level 0.0 Slings
 + Level 0.0 Bows
 + Level 0.0 Crossbows
 + Level 2.3 Throwing
 + Level 0.0 Armour
 + Level 0.0 Dodging
 + Level 0.0 Stealth
   Level 0.0 Stabbing
 + Level 2.3 Shields
   Level 0.0 Traps
 + Level 0.8 Unarmed Combat
 + Level 7.0 Spellcasting
 + Level 0.8 Conjurations
 + Level 0.0 Hexes
 + Level 0.0 Charms
 + Level 4.4 Summonings
 + Level 0.0 Necromancy
 + Level 4.4 Translocations
 + Level 0.0 Transmutations
 + Level 0.0 Fire Magic
 + Level 0.0 Ice Magic
 + Level 0.0 Air Magic
 + Level 0.0 Earth Magic
 + Level 2.3 Poison Magic
 + Level 0.0 Invocations
 + Level 0.0 Evocations


You had 14 spell levels left.
You didn't know any spells.

Dungeon Overview and Level Annotations

Branches:
Dungeon (1/15)

Altars:


Innate Abilities, Weirdness & Mutations

Your experience applies equally to all skills.
You have very sharp teeth.
Your uncanny sense of smell can sniff out nearby items.


Message History

Welcome, tidbits the Gnoll Wanderer.
It is said that the Orb of Zot exists deep within this dungeon.
Press ? for a list of commands and other information.
Found a scroll labeled WIAMYCVAKHE and a potion of curing.
Found a staircase leading out of the dungeon.
Okay, then.
Okay, then.
e - a scroll labeled WIAMYCVAKHE
There is a staircase leading out of the dungeon here.
You enter the shallow water.
Moving in this stuff is going to be slow.
A rat comes into view.
Found a scale mail.
You hit the rat.
You kill the rat!
Found a potion of curing.
You see here a rat corpse.
b - 2 potions of curing (gained 1)
You see here a scale mail.
g - a scale mail
b - 3 potions of curing (gained 1)
Found a sedimented brown potion.
Found a scroll labeled WIAMYCVAKHE.
A bat comes into view.
A giant cockroach comes into view.
A hobgoblin comes into view. It is wielding a club.
The bat closely misses you. The bat closely misses you.
The giant cockroach waves its antennae.
The bat hits you but does no damage. The bat closely misses you.
The bat closely misses you. The bat closely misses you.
The bat hits you but does no damage.
You hit the bat.
You kill the bat!
You hit the giant cockroach.
The giant cockroach is severely wounded.
The giant cockroach closely misses you.
The giant cockroach bites you but does no damage.
You completely miss the giant cockroach.
The giant cockroach is severely wounded.
The giant cockroach closely misses you. The giant cockroach bites you.
You closely miss the giant cockroach.
The giant cockroach is severely wounded.
The giant cockroach bites you.
You hit the giant cockroach but do no damage.
The giant cockroach is severely wounded.
The giant cockroach barely misses you. x2
You hit the giant cockroach.
You kill the giant cockroach!
You see here a giant cockroach corpse.
You see here a bat corpse.
A frilled lizard comes into view.
The frilled lizard hisses angrily.
You see here a sedimented brown potion.
h - a sedimented brown potion The hobgoblin shouts!
You miss the frilled lizard. Your bite misses the frilled lizard.
The frilled lizard bites you.
You hit the frilled lizard.
You kill the frilled lizard!
You see here a scroll labeled WIAMYCVAKHE.
e - 2 scrolls labeled WIAMYCVAKHE (gained 1)
You barely miss the hobgoblin. Your bite misses the hobgoblin.
The hobgoblin hits you with a club.
You hit the hobgoblin.
The hobgoblin is moderately wounded.
The hobgoblin hits you with a club.
* * * LOW HITPOINT WARNING * * *
The hobgoblin hits you with a club.
You die...

.# #. ##. .. ####.####
##.......##
##.........##
#...@.......# #
#...g.......# .
#...........# .
##.........# ##.
###.......### #..
#...........## ####.#
#.............###.....
#...............##.....
#...............##.....


You could see a hobgoblin.

Vanquished Creatures
  A giant cockroach (D:1)
  A bat (D:1)
  A frilled lizard (D:1)
  A rat (D:1)
4 creatures vanquished.

Notes
Turn   | Place    | Note
-------+----------+-------------------------------------------
     0 | D:1      | tidbits the Gnoll Wanderer began the quest for the Orb.
     0 | D:1      | tidbits set off with: a book of Spatial Translocations, a potion of curing, a +0 robe, a +0 club, a bread ration
     0 | D:1      | Reached XP level 1. HP: 13/13 MP: 8/8
    64 | D:1      | Slain by a hobgoblin

Vault maps used:
D:1:      ldierk_walled_garden_2

Action                   || total
-------------------------++-------
Melee: Club              ||    11
Armor: Robe              ||     3
Dodge: Dodged            ||     9

Table legend:
 A = Spawn XP
 B = Non-spawn XP
 C = Spawn XP percentage of total XP
 D = Spawn monster count
 E = Non-spawn monster count
 F = Spawn count percentage of total count
 G = Total turns spent on level
                    A         B        C        D         E        F      G
               +---------+---------+-------+---------+---------+-------+---------
         Total |       0 |       5 |   0.0 |       0 |       4 |   0.0 |    64
               +---------+---------+-------+---------+---------+-------+---------
           D:1 |       0 |       5 |   0.0 |       0 |       4 |   0.0 |    64
               +---------+---------+-------+---------+---------+-------+---------

Table legend:
 A = Turns spent in this place as a percentage of turns spent in the entire game.
 B = Non-inter-level travel turns spent in this place as a percentage of non-inter-level travel turns spent in the entire game.
 C = Inter-level travel turns spent in this place as a percentage of turns spent in this place.
 D = Turns resting spent in this place as a percentage of non-inter-level travel turns spent in this place.
 E = Turns spent auto-exploring this place as a percentage of non-inter-level travel turns spent in this place.
 F = Non-inter-level travel turns spent in this place divided by the number of levels of this place that you've seen.
                   A       B       C       D       E      F
               +-------+-------+-------+-------+-------+----------------------
         Total | 100.0 | 100.0 |   0.0 |   0.0 |   0.0 |  64.0
       Dungeon | 100.0 | 100.0 |   0.0 |   0.0 |   0.0 |  64.0
               +-------+-------+-------+-------+-------+----------------------

Table legend:
 A = Kills in this place as a percentage of kills in entire the game.
 B = Kills by you in this place as a percentage of kills by you in the entire game.
 C = Kills by friends in this place as a percentage of kills by friends in the entire game.
 D = Other kills in this place as a percentage of other kills in the entire game.
 E = Experience gained in this place as a percentage of experience gained in the entire game.
 F = Experience gained in this place divided by the number of levels of this place that you have seen.
                   A       B       C       D       E      F
               +-------+-------+-------+-------+-------+----------------------
         Total | 100.0 | 100.0 |   N/A |   N/A | 100.0 |   5.0
       Dungeon | 100.0 | 100.0 |   N/A |   N/A | 100.0 |   5.0
               +-------+-------+-------+-------+-------+----------------------

Vault maps used:
D:1:      ldierk_walled_garden_2
